 Dungeon Crawl Stone Soup version 0.18.1-50-g88ac8fd (webtiles) character file.

94 Mesmaeker13 the Digger (level 4, -9/24 HPs)
             Began as a Gargoyle Earth Elementalist on Oct 26, 2016.
             Killed from afar by Ijyb (15 damage)
             ... with a wand of acid
             ... on level 3 of the Dungeon.
             The game lasted 00:04:36 (1571 turns).

Mesmaeker13 the Digger (GrEE)                       Turns: 1571, Time: 00:04:37

Health: -9/24      AC:  2    Str: 10 (12) XL:     4   Next: 63%
Magic:  8/8        EV: 11    Int: 14 (16) God:
Gold:   146        SH:  0    Dex:  7 (10) Spells: 1 memorised, 8 levels left

rFire  . . .     SeeInvis .     b - 125 stones
rCold  . . .     Gourm    .     a - +0 robe
rNeg   + . .     Faith    .     (no shield)
rPois  ∞         Spirit   .     e - +0 helmet
rElec  +         Dismiss  .     (no cloak)
rCorr  .         Reflect  .     (no gloves)
SustAt .         Harm     .     (no boots)
MR     .....                    g - amulet of regeneration
Stlth  ++........               (no ring)
                                (no ring)

@: corroded, not resistant to hostile enchantments, unstealthy
A: negative energy resistance 1, electricity resistance, unbreathing,
petrification resistance, rot immunity, AC +3
a: no special abilities


You were on level 3 of the Dungeon.
You were not hungry.

You visited 1 branch of the dungeon, and saw 3 of its levels.

You collected 146 gold pieces.

Inventory:

Hand Weapons
 s - a +0 dagger of draining
Missiles
 b - 125 stones (in hand)
 o - a throwing net
Armour
 a - a +0 robe (worn)
 e - a +0 helmet (worn)
Jewellery
 g - an amulet of regeneration (around neck)
Scrolls
 l - a scroll of recharging {unknown}
 p - a scroll of random uselessness {unknown}
 t - 3 scrolls of remove curse {unknown}
Potions
 m - a potion of magic
 n - a potion of invisibility {unknown}
 r - a potion of cancellation
Books
 c - a book of Geomancy

   Spells                             Type                      Level
   a - Sandblast                      Earth                        1
   b - Passwall                       Transmutation/Earth          2
   c - Stone Arrow                    Conjuration/Earth            3
   d - Petrify                        Transmutation/Earth          4
   e - Lee's Rapid Deconstruction     Earth                        5
Comestibles
 d - 2 bread rations
 f - 2 fruits
 h - a royal jelly
 k - a slice of pizza


   Skills:
 - Level 1.5 Dodging
 - Level 2.1 Stealth
 + Level 3.2 Spellcasting
   Level 0.7 Transmutations
 + Level 5.3 Earth Magic


You had 8 spell levels left.
You knew the following spells:

 Your Spells              Type           Power        Failure   Level  Hunger
a - Sandblast             Erth           ###...       2%          1    #......


Dungeon Overview and Level Annotations

Branches:
Dungeon (3/15)

Altars:

Annotations:
D:3 Ijyb


Innate Abilities, Weirdness & Mutations

You are resistant to torment.
Your stone body is resilient (AC +3).
You are immune to poison.
You resist negative energy.
You are resistant to electric shocks.
You can survive without breathing.
You are immune to petrification.
You are immune to rotting.


Message History

Ouch! That really hurt!
The acid corrodes you!
The acid burns!
* * * LOW HITPOINT WARNING * * *
It is a wand of acid.
Unknown command.
Drink which item? (? for menu, Esc to quit)
Okay, then.
Drink which item? (? for menu, Esc to quit)
It was a potion of magic.
Magic courses through your body.
Drink which item? (? for menu, Esc to quit)
It was a potion of cancellation.
You feel magically purged.
Drink which item? (? for menu, Esc to quit)
It was a potion of cure mutation.
It has a very clean taste.
Drink which item? (? for menu, Esc to quit)
It was a potion of degeneration.
There was something very wrong with that liquid.
You feel weakened.
You feel dopey.
You feel clumsy.
Ijyb zaps a wand.
The bolt of acid hits you!
Ouch! That really hurt!
You die...

#.# ### #.#
.# #.# .#
#.# g# #.#
.# #.# .#
#.# .#
#.#######g#
#......@..#
###########


You could see Ijyb.

Vanquished Creatures
  4 adders
  An ooze (D:3)
  A worm (D:2)
  5 dart slugs (D:2)
  A giant gecko (D:2)
  2 giant cockroaches
  8 goblins
  3 hobgoblins
  2 kobolds
  2 quokkas
  5 bats
  2 giant newts (D:1)
  6 rats
42 creatures vanquished.

Notes
Turn   | Place    | Note
--------------------------------------------------------------
     0 | D:1      | Mesmaeker13 the Gargoyle Earth Elementalist began the quest for the Orb.
     0 | D:1      | Reached XP level 1. HP: 10/10 MP: 3/3
   304 | D:1      | Reached XP level 2. HP: 7/15 MP: 5/5
   336 | D:1      | Reached skill level 4 in Earth Magic
   725 | D:2      | Reached XP level 3. HP: 19/19 MP: 2/6
   949 | D:2      | Reached skill level 5 in Earth Magic
   949 | D:2      | Reached XP level 4. HP: 17/24 MP: 0/8
  1566 | D:3      | Noticed Ijyb
  1571 | D:3      | Killed from afar by Ijyb

Skill      XL: |  1  2  3  4 |
---------------+-------------+-----
Earth Magic    | 4 5 |  5.3
Spellcasting   | 3 |  3.2
Dodging        | |  1.5
Stealth        | |  2.1
Transmutations | |  0.7

Action                   |  1- 3 |  4- 6 || total
-------------------------+-------+-------++-------
Melee: Whip              |    27 |       ||    27
       Unarmed           |     4 |       ||     4
 Cast: Sandblast         |    36 |    15 ||    51
  Use: Potion            |       |     4 ||     4
       Scroll            |       |     2 ||     2
 Stab: Sleeping          |     2 |       ||     2
  Eat: Chunk             |       |     2 ||     2
Armor: Robe              |    14 |     2 ||    16
Dodge: Dodged            |    41 |     9 ||    50
